 Dungeon Crawl Stone Soup version 0.23-a0-550-g7de1f8e (console) character file.

179 Duffy the Firebug (level 5, -3/28 HPs)
             Began as a Deep Elf Fire Elementalist on Dec 9, 2018.
             Slain by an ice beast (9 damage)
             ... on level 5 of the Dungeon.
             The game lasted 00:02:03 (1531 turns).

Duffy the Firebug (Deep Elf Fire Elementalist)      Turns: 1531, Time: 00:02:04

Health: -3/28      AC:  3    Str:  5    XL:     5   Next: 33%
Magic:  2/12       EV: 13    Int: 21    God:
Gold:   32         SH:  0    Dex: 15    Spells: 3/11 levels left

rFire    . . .     SeeInvis .   c - 4 rations
rCold    . . .     Gourm    .   (no shield)
rNeg     . . .     Faith    .   a - +0 robe
rPois    .         Spirit   .   (no helmet)
rElec    .         Reflect  .   (no cloak)
rCorr    .         Harm     .   (no gloves)
MR       .....                  l - +0 pair of boots
Stlth    +.........             (no amulet)
HPRegen  0.09/turn              (no ring)
MPRegen  0.13/turn              (no ring)

@: very slow
A: no striking features
a: no special abilities


You were on level 5 of the Dungeon.
You were not hungry.

You visited 1 branch of the dungeon, and saw 5 of its levels.

You collected 32 gold pieces.

Inventory:

Armour
 a - a +0 robe (worn)
 l - a +0 pair of boots (worn)
Scrolls
 d - a scroll of amnesia {unknown}
 e - a scroll of remove curse {unknown}
 f - a scroll of magic mapping {unknown}
 g - a scroll of enchant armour {unknown}
 h - a scroll of noise {unknown}
 j - 4 scrolls of identify {unknown}
 n - a scroll of immolation {unknown}
Potions
 b - a potion of might {unknown}
 i - a potion of curing {unknown}
 k - a potion of heal wounds {unknown}
 m - a potion of lignification {unknown}
Comestibles
 c - 4 rations (in hand)
 o - 5 chunks of flesh


   Skills:
 - Level 2.4 Dodging
 - Level 2.4 Stealth
 + Level 3.9 Spellcasting
 * Level 4.4 Conjurations
 * Level 4.5 Fire Magic


You had 3 spell levels left.
You knew the following spells:

 Your Spells              Type           Power        Failure   Level  Hunger
h - Flame Tongue          Conj/Fire      ###..        1%          1    None
j - Sticky Flame          Conj/Fire      ###.....     19%         4    ####...
l - Conjure Flame         Conj/Fire      ###.....     6%          3    ###....

Your spell library contained the following spells:

 Spells                   Type           Power        Failure   Level  Hunger
 Throw Flame              Conj/Fire      ###...       3%          2    #......
 Inner Flame              Hex/Fire       ##......     14%         3    ###....
 Fireball                 Conj/Fire      ###.......   47%         5    ######.


Dungeon Overview and Level Annotations

Branches:
Dungeon (5/15)
 Temple: D:4-7

Altars:

Portals:
Sewer: D:5


Message History

You don't have enough magic to cast that spell.
Casting: Flame Tongue (safe; 1% risk of failure)
Confirm with . or Enter, or press ? or * to list all spells.
You don't have enough magic to cast that spell.
Casting: Flame Tongue (safe; 1% risk of failure)
Confirm with . or Enter, or press ? or * to list all spells.
You don't have enough magic to cast that spell.
A hound and an ice beast come into view.
The hound barks!
The river rat bites you. The river rat misses you.
Found 14 arrows.
The river rat bites you!
There is an open door here.
Things that are here:
an adder corpse x2; a rat corpse You enter the shallow water.
Moving in this stuff is going to be slow.
The ice beast hits you. The ice beast freezes you!
You die...

#. ...##...#.##..... . #.
............... .. . ##.
####............. ..[ ..
##..##..............##....
#..#......##...........<..#
##...#.#.h.............####
.......#.#r####........#
.........#~Y~~#........##
(........#~@~~#............
.........#~~\~#........##...
.........#~~~~#.#.###.## ...
.........#~~~~#.#.# #.# ..
.....##..######.... ..# .
..... .... ......... ....#
.... ...... .. ..... .=..#


You could see an ice beast, a hound and a river rat.

Vanquished Creatures
  A howler monkey (D:4)
  Natasha (twice) (D:2)
  A worker ant (D:5)
  3 adders
  An ooze (D:3)
  A dart slug (D:2)
  A leopard gecko (D:4)
  4 orcs (D:3)
  A ball python (D:5)
  2 bats (D:2)
  A giant cockroach (D:4)
  3 goblins
  6 hobgoblins (D:1)
  5 kobolds
  2 quokkas
  A frilled lizard (D:4)
  3 rats (D:5)
38 creatures vanquished.

Notes
Turn   | Place    | Note
-------+----------+-------------------------------------------
     0 | D:1      | Duffy the Deep Elf Fire Elementalist began the quest for
                  | the Orb.
     0 | D:1      | Reached XP level 1. HP: 10/10 MP: 6/6
   486 | D:1      | Reached XP level 2. HP: 15/15 MP: 6/8
  1020 | D:2      | Noticed Natasha
  1028 | D:2      | Killed Natasha
  1028 | D:2      | Reached XP level 3. HP: 10/19 MP: 2/9
  1076 | D:2      | Noticed Natasha
  1082 | D:2      | Killed Natasha
  1082 | D:2      | Reached XP level 4. HP: 12/24 MP: 4/11
  1140 | D:2      | Learned a level 3 spell: Conjure Flame
  1145 | D:2      | Learned a level 4 spell: Sticky Flame
  1491 | D:5      | Entered Level 5 of the Dungeon
  1497 | D:5      | Reached XP level 5. HP: 24/28 MP: 7/12
  1501 | D:5      | Found a glowing drain.
  1524 | D:5      | Noticed an ice beast
  1531 | D:5      | Slain by an ice beast

Vault maps used:
D:1:      dpeg_cavernosity
D:2:      minmay_shallow_snake_nest, uniq_terence, uniq_natasha
D:3:      first_ration
D:5:      portal_sewer_entry_c

Skill      XL: |  1  2  3  4 |
---------------+-------------+-----
Conjurations   | 2 3 4 |  4.4
Fire Magic     | 4 |  4.5
Dodging        | |  2.4
Stealth        | |  2.4
Spellcasting   | |  3.9

Action                   |  1- 3 |  4- 6 || total
-------------------------+-------+-------++-------
 Cast: Flame Tongue      |    41 |    38 ||    79
  Eat: Chunk             |       |     2 ||     2
Armor: Robe              |     1 |     1 ||     2
Dodge: Dodged            |     9 |    10 ||    19

Table legend:
 A = Non-vault XP
 B = Vault XP
 C = Vault XP percentage of total XP
 D = Non-vault monster count
 E = Vault monster count
 F = Vault count percentage of total count
                 A         B        C        D         E       F
            +---------+---------+-------+---------+---------+-------
      Total |     184 |      73 |  28.4 |      27 |      11 |  28.9
            +---------+---------+-------+---------+---------+-------
        D:1 |      13 |       7 |  35.0 |       8 |       4 |  33.3
        D:2 |      58 |      35 |  37.6 |       6 |       1 |  14.3
        D:3 |      22 |       0 |   0.0 |       7 |       0 |   0.0
        D:4 |      59 |       0 |   0.0 |       5 |       0 |   0.0
        D:5 |      32 |      31 |  49.2 |       1 |       6 |  85.7
            +---------+---------+-------+---------+---------+-------
